Siika, chaotic female human Barbarian ---- ----------------- |(.--- ---- |....)%.........| -- |....| |..-- ---...-----------.--- |.---- ---..----...| |.....| |...-- |....---- |........- |....-- ---..-- --....|.-- --....*..-- |..--- ------ |...| --......| ---........----- |.-- |..... |...--- ---...|.-- --...........--.-- --.| -.....-- |.....| |...----- |................-- ---..| |....... ---....--- ---...| --- --- --..........%./[...| |....-- |.......--....|...| |...--- --.---.-- --.......(..%......-------.....- |.........----.---.----------.......| |.........)...<.....%....).-....- -................)(.................| -.....--..........---.---...-...... |....|.........@S.-------..--+.......| |...|.- --..--.....- ... .............|--.--|-..-.........>-- |............-- |..-|. ------.|...|-................| -- |...........--..-- --.|..........| --- | ----..||..--..--.|.....-- --...............| -----.......-- ----------------....| ----|..............-- --......| ....| --...--.............| |....--- --.-- |...........|.......| ---.+| -- --.----.|..---.------ ---- -- ------ --- Siika the Bandit Experience level: 7 Strength: 18/01 Dexterity: 17 Constitution: 18 Intelligence: 7 Wisdom: 9 Charisma: 6 Health: 0(74) Energy: 13(15) Def: 6 Gold: 506 Moves: 3784 Dungeon seed: g2tfHUohSJd_msKA Game ID: Siika_1612822327 Your Inventory: Coins $ - 506 gold pieces Weapons a - a +0 two-handed sword (weapon in hands) b - a +0 axe (alternate weapon; not wielded) Armor e - an uncursed +0 ring mail (being worn) r - an uncursed +0 dwarvish cloak (being worn) y - an uncursed +0 orcish helm (being worn) z - an uncursed +0 pair of iron shoes (being worn) Comestibles c - an uncursed food ration q - an uncursed tripe ration Scrolls j - an uncursed scroll of remove curse k - an uncursed scroll of confuse monster Potions d - an uncursed potion of sleeping h - 2 uncursed potions of paralysis i - an uncursed potion of full healing p - an uncursed potion of hallucination u - a cursed potion of levitation v - a cursed potion of enlightenment C - an uncursed potion of object detection Wands l - a wand of undead turning (0:8) o - a wand of teleportation (0:7) x - a wand of polymorph (0:4) D - a wand of nothing (0:6) Tools B - an uncursed skeleton key Spells and supernatural/magical abilities: Name Level Category Fail Memory W - pray for help -- divine ? -- Your skills at the end: Fighting Skills bare handed combat [Basic] Weapon Skills axe [Basic] two-handed sword [Basic] Spellcasting Skills Final Attributes: You were piously aligned. You were poison resistant. You were fast. You are dead. Vanquished creatures: a cockatrice a wolf a giant spider an ice vortex a lizard a dog 3 Mordor orcs 7 gnome lords 4 gnomish wizards a ghoul 6 dwarves 5 rothes 2 dwarf zombies 2 werejackals an iguana 5 killer bees a coyote 5 hobbits a hobgoblin 4 giant rats a brown mold a red mold 30 gnomes 9 garter snakes 2 gnome zombies 9 jackals a fox a goblin 2 grid bugs 4 lichens 6 newts 119 creatures vanquished. Voluntary challenges: You were an atheist. You used a wielded weapon 147 times, starting on turn 66. You read items or engraved 2 times, starting on turn 78. You never genocided any monsters. You never polymorphed an object. You never changed form. You used no wishes. You never split a pudding. You never wrote Elbereth's name. You never violated your personal moral code. Dungeon overview: The Dungeons of Doom: levels 1 to 6 Level 1 a fountain a long staircase Level 2 a fountain Level 3 Level 4 a fountain stairs to The Gnomish Mines Level 5 Level 6 The Gnomish Mines: levels 5 to 10 Level 5 stairs to The Dungeons of Doom Level 6 Level 7 a delicatessen, a temple to Mitra, some fountains Level 8 <- You were here Level 9 Level 10 History has recorded: On T:1 you entered the Dungeons of Doom to retrieve the Amulet of Yendor! On T:303 you reached level 2 of The Dungeons of Doom. On T:810 you reached level 3 of The Dungeons of Doom. On T:973 you advanced to experience level 2. On T:1090 you reached level 4 of The Dungeons of Doom. On T:1320 you reached level 5 of The Dungeons of Doom. On T:1375 you advanced to experience level 3. On T:1706 you reached level 6 of The Dungeons of Doom. On T:1785 you advanced to experience level 4. On T:1925 you advanced to experience level 5. On T:2227 you reached level 1 of The Gnomish Mines. On T:2310 you advanced to experience level 6. On T:2556 you reached level 2 of The Gnomish Mines. On T:2561 you reached level 3 of The Gnomish Mines. On T:2953 you reached level 4 of The Gnomish Mines. On T:3100 you advanced to experience level 7. On T:3268 you reached level 5 of The Gnomish Mines. On T:3347 you reached level 6 of The Gnomish Mines. Score breakdown: Gold: 506 ( 9201 points) Experience: 7 levels (13645 points) Exploration: 10 levels ( 19.23%) (12602 points) Discoveries: 3 items ( 1.22%) ( 3312 points) Valuables value: (no points given unless you survive) Artifact value: 0 ( 0 points) Variety of kills: 31 monsters ( 8.14%) ( 8557 points) Turncount: 3784 turns ( -942 points) Survival: died (score multiplied by 80%) Total score: 37100 Latest messages: You smite the Mordor orc. The gnome shoots an arrow! The arrow hits the Mordor orc. The Mordor orc is killed! There are a few objects here. The Mordor orc wields a scimitar! You kill the gnome! There are several objects here. You miss the Mordor orc. The Mordor orc swings his scimitar. The Mordor orc hits! You smite the Mordor orc! You miss the Mordor orc. You kill the Mordor orc! You can't go down here. The snake bites! The snake's bite was poisoned, but doesn't affect you. The snake bites! The snake misses. The snake bites! (3x) You die... Final status: Goodbye Siika the Barbarian, killed by a snake... You died in The Gnomish Mines on dungeon level 8 with 37100 points, and 506 pieces of gold, after 3784 moves. You were level 7 with a maximum of 74 hit points when you died.